 Dungeon Crawl Stone Soup version 0.30.1-9-gdf580d7c3d (webtiles) character file.

Game seed: 10892968420846939187

23 leafyfresh the Trooper (level 2, 0/28 HPs)
             Began as a Minotaur Delver on Oct 26, 2023.
             Succumbed to an adder's poison
             ... on level 4 of the Dungeon.
             The game lasted 00:00:38 (227 turns).

leafyfresh the Trooper (Minotaur Delver)             Turns: 227, Time: 00:00:38

Health: 0/28       AC:  3    Str: 16    XL:     2   Next: 72%
Magic:  1/1        EV: 12    Int:  7    God:
Gold:   17         SH:  0    Dex: 11    Spells: 1/1 levels left

rFire   . . .        a - +0 hand axe
rCold   . . .        (no shield)
rNeg    . . .        b - +0 leather armour
rPois   .            (helmet restricted)
rElec   .            (no cloak)
rCorr   .            (no gloves)
SInv    .            (no boots)
Will    .....        (no amulet)
Stlth   ++           (no ring)
HPRegen 0.24/turn    (no ring)
MPRegen 0.07/turn

%: no passive effects
@: lethally poisoned (0 -> -1)
A: horns 2, retaliatory headbutt
a: no special abilities


You were on level 4 of the Dungeon.
You visited 1 branch of the dungeon, and saw 2 of its levels.

You collected 17 gold pieces.

Inventory:

Hand Weapons
 a - a +0 hand axe (weapon)
Armour
 b - a +0 leather armour (worn)
Wands
 g - a wand of digging (3)
Scrolls
 c - a scroll of fog
 d - a scroll of magic mapping
 e - a scroll of fear
Potions
 f - a potion of haste


   Skills:
 + Level 4.4 Fighting
 - Level 2.6 Axes
 - Level 2.4 Dodging
 - Level 4.2 Stealth


You had one spell level left.
You didn't know any spells.
Your spell library was empty.

Dungeon Overview and Level Annotations

Branches:
Dungeon (5/15)
 Temple: D:4-7

Altars:


Innate Abilities, Weirdness & Mutations

You have a pair of horns on your head.
You reflexively headbutt those who attack you in melee.


Message History

The adder is moderately wounded.
The adder misses you. You furiously retaliate!
You headbutt the adder. You hit the adder. Your headbutt misses the adder.
The adder is heavily wounded.
The adder bites you. x2
You are too injured to fight recklessly!
You are too injured to fight recklessly!
You are too injured to fight recklessly!
You are too injured to fight recklessly!
You closely miss the adder.
The adder is heavily wounded.
The adder bites you.
You hit the adder.
The adder is heavily wounded.
The adder bites you.
* * * LOW HITPOINT WARNING * * *
You are poisoned.
The adder poisons you! The adder misses you.
You closely miss the adder. Your headbutt misses the adder.
The adder is heavily wounded.
You feel sick. The adder bites you but does no damage.
You closely miss the adder.
The adder is heavily wounded.
You feel sick. The adder barely misses you. You furiously retaliate!
You headbutt the adder. The adder bites you.
* * * LOW HITPOINT WARNING * * *
You closely miss the adder. Your headbutt misses the adder.
The adder is heavily wounded.
* * * LOW HITPOINT WARNING * * *
You feel sick. The adder bites you but does no damage. The adder bites you.
* * * LOW HITPOINT WARNING * * *
You hit the adder. Your headbutt misses the adder.
The adder is almost dead.
* * * LOW HITPOINT WARNING * * *
You feel sick.
A hobgoblin comes into view.
The adder barely misses you. You furiously retaliate!
You headbutt the adder.
You kill the adder!
Unknown command.
You die...

##.# #...#### #
#......###.
#......)g.
#...∩...# #......#
#..5...# #@##.##
#.....# ####
#.##.##
♣..#######.##.#
♣............#
########
#..§§########?####
#..>.... #.§§P
#####.# #.######
#.... ...#.# #.#
#.### #####.#.#
#.#


You could see a white imp and a hobgoblin (wandering).

Vanquished Creatures
  An adder (D:4)
  A white imp (D:4)
  A worm (D:4)
  A giant cockroach (D:4)
  A kobold (D:4)
5 creatures vanquished.

Notes
Turn   | Place    | Note
-------+----------+-------------------------------------------
     0 | D:5      | leafyfresh the Minotaur Delver began the quest for the Orb.
     0 | D:5      | Reached XP level 1. HP: 19/19 MP: 0/0
    26 | D:4      | Reached XP level 2. HP: 6/27 MP: 1/1
   225 | D:4      | HP: 1/27 [adder (1)]
   227 | D:4      | Succumbed to an adder's poison

Illustrated notes

Levels and vault maps discovered:
D:4:      layout_loops_ring, grunt_temple_overflow_lords_of_destruction,
          nicolae_ashenzari_skybound, serial_demonic, serial_demonic_f,
          serial_demonic_b, serial_demonic_d, serial_demonic_c, minmay_puff
D:5:      layout_loops_corners, nicolae_elyvilon_peaceful_grove, temple_pool_b

Skill      XL: |  1  2 |
---------------+-------+-----
Fighting       | 4 |  4.4
Axes           | |  2.6
Dodging        | |  2.4
Stealth        | |  4.2

Action                     || total
---------------------------++-------
  Melee: Hand axe          ||    27
         Headbutt          ||     3
 Armour: Leather armour    ||     4
  Dodge: Dodged            ||    14
